 Dungeon Crawl Stone Soup version 0.20-a0-959-gdc9e609 (webtiles) character file.

53 Goblin1989 the Sneak (level 3, -2/18 HPs)
             Began as a Spriggan Assassin on Apr 7, 2017.
             Slain by a shadow imp (4 damage)
             ... summoned by Natasha
             ... on level 2 of the Dungeon.
             The game lasted 00:03:22 (1413 turns).

Goblin1989 the Sneak (Spriggan Assassin)            Turns: 1413, Time: 00:03:23

Health: -2/18      AC:  3    Str:  7    XL:     3   Next: 64%
Magic:  4/4        EV: 16    Int: 12    God:
Gold:   71         SH:  6    Dex: 18    Spells: 2/2 levels left

rFire    . . .     SeeInvis +   w - +0 blowgun {@w1}
rCold    . . .     Gourm    .   m - +0 buckler
rNeg     . . .     Faith    .   c - +0 robe
rPois    .         Spirit   .   (helmet restricted)
rElec    .         Reflect  .   d - +0 cloak
rCorr    .         Harm     .   (gloves unavailable)
MR       .....                  (boots unavailable)
Stlth    ++++......             (no amulet)
Regen    0.1/turn               (no ring)
MPRegen  0.1/turn               (no ring)

@: hasted and slowed, very quick
A: unfitting armour, see invisible, herbivore 3, speed 3, slow metabolism 2
a: no special abilities


You were on level 2 of the Dungeon.
You were not hungry.

You visited 1 branch of the dungeon, and saw 2 of its levels.

You collected 71 gold pieces.

Inventory:

Hand Weapons
 a - a +2 dagger
 w - a +0 blowgun (weapon) {@w1}
Missiles
 g - 8 poisoned needles (quivered)
 h - 73 stones
Armour
 c - a +0 robe (worn)
 d - a +0 cloak (worn)
 m - a +0 buckler (worn)
Scrolls
 b - 2 scrolls of remove curse {unknown}
 i - 3 scrolls of teleportation {unknown}
 n - a scroll of identify {unknown}
 o - a scroll of enchant weapon {unknown}
Comestibles
 e - a bread ration {@e1}
 j - 2 royal jellies
 k - a fruit


   Skills:
 - Level 1.5 Fighting
 * Level 3.4 Short Blades
 - Level 2.0 Throwing
 - Level 1.5 Dodging
 + Level 6.6 Stealth
 * Level 0.9 Shields


You had 2 spell levels left.
You didn't know any spells.

Dungeon Overview and Level Annotations

Branches:
Dungeon (2/15)

Altars:

Annotations:
D:2 Natasha


Innate Abilities, Weirdness & Mutations

You are very small and have problems with some larger weapons.
You are too small for most types of armour.
You have supernaturally acute eyesight. (SInv)
You are a herbivore.
You cover ground extremely quickly.
You need consume almost no food.


Message History

There is an open door here.
There is an open door here.
There is a stone staircase leading down here.
You climb downwards.
There is a stone staircase leading up here.
A quokka comes into view.
The quokka closely misses you.
You hit the quokka.
The quokka is lightly wounded.
The quokka misses you.
You closely miss the quokka.
The quokka is lightly wounded.
The quokka misses you.
You hit the quokka.
The quokka is moderately wounded.
The quokka twitches its whiskers.
The quokka closely misses you.
You hit the quokka but do no damage.
The quokka is lightly wounded.
The quokka barely misses you.
You hit the quokka but do no damage.
The quokka bites you but does no damage.
You hit the quokka.
The quokka is moderately wounded.
The quokka bites you.
You take 1 damage, and have 13/14 hp.
You hit the quokka.
You kill the quokka!
Health restored: 14 No target in view!
No target in view!
You open the door.
Found an escape hatch in the ceiling.
There is an open door here.
There is an escape hatch in the ceiling here.
A kobold comes into view.
A rat comes into view.
A kobold comes into view.
Marking area around Natasha as unsafe for travelling.
Natasha, Servant of Life and Death comes into view.
Found a stone staircase leading down.
Unknown command.
The helpless Natasha fails to defend herself.
You impale Natasha!!
You kill Natasha!
Natasha growls in agony!
You have reached level 3!
Your experience leads to an increase in your attributes!
Increase (S)trength, (I)ntelligence, or (D)exterity?
You feel agile.
Health restored: 18; MP restored: 4 Unknown command.
The helpless kobold fails to defend itself.
You impale the kobold!!
You kill the kobold!
The helpless kobold fails to defend itself.
You skewer the kobold like a kebab!!!
You kill the kobold!
You see here the felid corpse of Natasha.
The helpless rat fails to defend itself.
You stick the rat like a pincushion!!!
You kill the rat!
You see here a rat corpse.
You now have 61 gold pieces (gained 11).
You now have 71 gold pieces (gained 10).
An adder comes into view.
The helpless adder fails to defend itself.
You perforate the adder like a sieve!!!
You kill the adder!
A frilled lizard comes into view.
A bat and Natasha come into view.
Found an escape hatch in the floor.
Natasha closely misses you.
You closely miss Natasha. You barely miss Natasha.
The frilled lizard hisses angrily.
Natasha claws you.
You take 5 damage, and have 13/18 hp.
MASSIVE DAMAGE!!
Wield which item (- for none, * to show all)? (? for menu, Esc to quit)
w - a +0 blowgun (weapon)
{@w1} Natasha stares at you and mumbles some strange words.
You feel yourself slow down.
Firing (i - inventory. (,) - cycle):
f - 2 curare-tipped needles (quivered)
Press: ? - help, Shift-Dir - straight line, f - Natasha
Aim: Natasha You shoot a curare-tipped needle.
The curare-tipped needle closely misses Natasha.
Natasha mumbles some strange words.
Firing (i - inventory. (,) - cycle):
f - a curare-tipped needle (quivered)
Press: ? - help, Shift-Dir - straight line, f/p - Natasha
Aim: Natasha You shoot a curare-tipped needle.
The curare-tipped needle barely misses Natasha.
Natasha claws you. The shadow imp barely misses you. Natasha claws you!
Ouch! That really hurt!
* * * LOW HITPOINT WARNING * * *
You take 11 damage, and have 2/18 hp.
MASSIVE DAMAGE!!
It was a potion of haste.
You feel yourself speed up. You block the frilled lizard's attack.
The shadow imp hits you.
You die...

█......█.█████
█. ..
█......█.....█
█. .
█......█.....█
█......█.....█
██▲███.█.....█
█.█.....█
█.█.█████
.███.█5██████..
█b......@h.....(
████...l.███>.?.
█.....█ .
█.....█ █.....█
........
██.......
█.......


You could see Natasha, a shadow imp, a bat (sleeping) and a frilled lizard.

Vanquished Creatures
  Natasha (D:2)
  An adder (D:2)
  2 dart slugs (D:1)
  A bat (D:1)
  2 goblins (D:1)
  2 hobgoblins (D:1)
  A quokka (D:2)
  2 frilled lizards (D:1)
  3 kobolds
  2 rats
17 creatures vanquished.

Notes
Turn   | Place    | Note
-------+----------+-------------------------------------------
     0 | D:1      | Goblin1989 the Spriggan Assassin began the quest for the Orb.
     0 | D:1      | Reached XP level 1. HP: 10/10 MP: 2/2
   702 | D:1      | Reached skill level 6 in Stealth
   708 | D:1      | Reached XP level 2. HP: 13/14 MP: 3/3
  1369 | D:2      | Noticed Natasha
  1371 | D:2      | Killed Natasha
  1371 | D:2      | Reached XP level 3. HP: 18/18 MP: 4/4
  1406 | D:2      | Noticed Natasha
  1413 | D:2      | Slain by a shadow imp

Vault maps used:
D:1:      dpeg_arrival_snail, minmay_misc_feat_iff
D:2:      nicolae_gozag_cash_rules_everything_around_me, uniq_natasha

Skill      XL: |  1  2 |
---------------+-------+-----
Stealth        | 6 |  6.6
Short Blades   | 3 |  3.4
Fighting       | |  1.5
Throwing       | |  2.0
Dodging        | |  1.5
Shields        | |  0.9

Action                   || total
-------------------------++-------
Melee: Dagger            ||    64
 Fire: Blowgun           ||     2
  Use: Potion            ||     1
 Stab: Sleeping          ||     6
Armor: Robe              ||     9
Dodge: Dodged            ||    36
Block: Buckler           ||     3

Vault maps used:
D:1:      dpeg_arrival_snail, minmay_misc_feat_iff
D:2:      nicolae_gozag_cash_rules_everything_around_me, uniq_natasha
